 Dungeon Crawl Stone Soup version 0.22-a0-803-gd6d8abeff0 (webtiles) character file.

93 Holzbalken the Twirler (level 4, -1/33 HPs)
             Began as a Demonspawn Gladiator on July 22, 2018.
             Slain by a gnoll
             ... wielding a +0 whip
              (6 damage)
             ... on level 2 of the Dungeon.
             The game lasted 00:05:16 (1562 turns).

Holzbalken the Twirler (Demonspawn Gladiator)       Turns: 1562, Time: 00:05:16

Health: -1/33      AC: 11    Str: 16    XL:     4   Next: 37%
Magic:  4/4        EV: 10    Int:  9    God:
Gold:   81         SH:  0    Dex: 14    Spells: 3/3 levels left

rFire    . . .     SeeInvis .   a - +0 quarterstaff
rCold    . . .     Gourm    .   (shield currently unavailable)
rNeg     . . .     Faith    .   j - +0 scale mail
rPois    .         Spirit   .   e - +1 helmet
rElec    .         Reflect  .   (no cloak)
rCorr    .         Harm     .   (no gloves)
MR       .....                  (no boots)
Stlth    ..........             (no amulet)
HPRegen  0.11/turn              (no ring)
MPRegen  0.09/turn              (no ring)

@: no status effects
A: yellow scales 2
a: no special abilities


You were on level 2 of the Dungeon.
You were not hungry.

You visited 1 branch of the dungeon, and saw 2 of its levels.

You collected 81 gold pieces.

Inventory:

Hand Weapons
 a - a +0 quarterstaff (weapon)
Missiles
 d - 3 throwing nets (quivered)
Armour
 b - a +0 leather armour
 c - a +0 helmet
 e - a +1 helmet (worn)
 j - a +0 scale mail (worn)
 n - a +1 hat
Scrolls
 h - 2 scrolls of identify {unknown}
 i - a scroll of remove curse {unknown}
 k - a scroll of magic mapping {unknown}
 m - a scroll of teleportation {unknown}
 q - a scroll of amnesia {unknown}
Potions
 l - 2 potions of degeneration {unknown}
 o - a potion of lignification {unknown}
 p - a potion of might {unknown}
Comestibles
 f - 3 rations


   Skills:
 - Level 2.0 Fighting
 + Level 4.8 Staves
 - Level 1.7 Throwing
 - Level 2.6 Dodging


You had 3 spell levels left.
You didn't know any spells.
Your spell library was empty.

Dungeon Overview and Level Annotations

Branches:
Dungeon (2/15)

Altars:


Innate Abilities, Weirdness & Mutations

You are mostly covered in yellow scales. (AC +3)


Message History

The gnoll closely misses you.
You hit the gnoll but do no damage.
The gnoll is moderately wounded.
The gnoll barely misses you.
Your scale mail prevents you from hitting the gnoll.
The gnoll is moderately wounded.
The gnoll hits you but does no damage.
You hit the gnoll.
The gnoll is almost dead.
The gnoll hits you but does no damage.
The gnoll hits you with an enchanted whip.
* * * LOW HITPOINT WARNING * * *
You hit the gnoll.
You kill the gnoll!
You barely miss the gnoll. The gnoll hits you but does no damage.
You hit the gnoll but do no damage. The gnoll barely misses you.
You sock the gnoll!
The gnoll is severely wounded.
The gnoll hits you with a whip.
You die...

### # .. ######### .#
........# ##.## ##
........# #... ..
........##########.#######
........g@................
........####...........###
.......†# #....##.....#..
........# #....##..†..#..
........####....##.....#..
..........................
#####........######.......
#...g....# #.......
#........# #.......


You could see a gnoll.

Vanquished Creatures
  An adder (D:2)
  2 gnolls (D:2)
  2 oozes (D:1)
  2 worms (D:2)
  A leopard gecko (D:1)
  5 bats
  2 giant cockroaches (D:1)
  4 goblins (D:1)
  3 hobgoblins
  12 jackals (D:1)
  2 quokkas (D:2)
  A ball python (D:1)
  3 frilled lizards
  4 kobolds
  4 rats (D:1)
48 creatures vanquished.

Notes
Turn   | Place    | Note
-------+----------+-------------------------------------------
     0 | D:1      | Holzbalken the Demonspawn Gladiator began the quest for the Orb.
     0 | D:1      | Reached XP level 1. HP: 16/16 MP: 1/1
    55 | D:1      | Reached skill level 3 in Staves
    59 | D:1      | Gained mutation: You are partially covered in yellow scales. (AC +2) [demonic ancestry]
    59 | D:1      | Reached XP level 2. HP: 5/22 MP: 2/2
   582 | D:1      | Reached XP level 3. HP: 27/27 MP: 3/3
   691 | D:1      | Reached skill level 4 in Staves
  1212 | D:2      | Gained mutation: You are mostly covered in yellow scales. (AC +3) [demonic ancestry]
  1212 | D:2      | Reached XP level 4. HP: 9/33 MP: 4/4
  1562 | D:2      | Slain by a gnoll

Vault maps used:
D:1:      dpeg_arrival_water_temple_mockup, minmay_quantized

Skill      XL: |  1  2  3 |
---------------+----------+-----
Staves         | 3 4 |  4.8
Fighting       | |  2.0
Throwing       | |  1.7
Dodging        | |  2.6

Action                   |  1- 3 |  4- 6 || total
-------------------------+-------+-------++-------
Melee: Quarterstaff      |   130 |    37 ||   167
  Eat: Chunk             |     1 |     1 ||     2
Armor: Leather armour    |    21 |       ||    21
       Scale mail        |    60 |    12 ||    72
Dodge: Dodged            |   103 |    17 ||   120

Table legend:
 A = Spawn XP
 B = Non-spawn XP
 C = Spawn XP percentage of total XP
 D = Spawn monster count
 E = Non-spawn monster count
 F = Spawn count percentage of total count
 G = Total turns spent on level
                    A         B        C        D         E        F      G
               +---------+---------+-------+---------+---------+-------+---------
         Total |       0 |     134 |   0.0 |       0 |      48 |   0.0 |  1562
               +---------+---------+-------+---------+---------+-------+---------
           D:1 |       0 |      68 |   0.0 |       0 |      33 |   0.0 |   990
           D:2 |       0 |      66 |   0.0 |       0 |      15 |   0.0 |   572
               +---------+---------+-------+---------+---------+-------+---------
